 Dungeon Crawl Stone Soup version 0.27-a0-994-g5030419646 (webtiles) character file.

Game seed: 3723546390793860642

2341 Feya the Grappler (level 9, -3/85 HPs)
             Began as a Troll Berserker on Apr 16, 2021.
             Was a Priest of Trog.
             Shot with an arrow by a centaur (4 damage)
             ... on level 8 of the Dungeon.
             The game lasted 00:44:29 (4267 turns).

Feya the Grappler (Troll Berserker)                 Turns: 4267, Time: 00:44:30

Health: -3/85      AC:  4    Str: 27    XL:     9   Next: 20%
Magic:  8/8        EV: 11    Int:  3    God:    Trog [***...]
Gold:   186        SH:  0    Dex: 12    Spells: 8/8 levels left

rFire    . . .     SeeInvis .     - Unarmed
rCold    . . .     Faith    .   (no shield)
rNeg     . . .     Spirit   .   b - +0 animal skin
rPois    .         Reflect  .   (helmet restricted)
rElec    .         Harm     .   (no cloak)
rCorr    .         Rampage  .   (gloves unavailable)
Will     .....                  (boots unavailable)
Stlth    +.........             (no amulet)
HPRegen  1.24/turn              (no ring)
MPRegen  0.11/turn              (no ring)

@: no status effects
A: large, unfitting armour, claws 3, regeneration 1, shaggy fur 1, tough skin 1
a: Renounce Religion, Berserk, Trog's Hand


You were on level 8 of the Dungeon.
You worshipped Trog.
Trog was most pleased with you.
You visited 2 branches of the dungeon, and saw 9 of its levels.

You collected 186 gold pieces.

Inventory:

Hand Weapons
 g - a +2 vampiric short sword
 u - a +2 halberd of freezing
 y - a +0 giant spiked club
 A - a +1 vorpal mace
 E - a +0 lajatang
 H - a +1 flail of holy wrath
 K - a +0 arbalest of flaming
Missiles
 a - 59 poisoned darts
 e - 155 stones (quivered)
 o - 127 arrows
 s - 60 bolts
 I - a throwing net
Armour
 b - a +0 animal skin (worn)
 v - a +0 robe
Jewellery
 f - a +4 ring of slaying
 t - an amulet of magic regeneration
Wands
 C - a wand of flame (8)
 J - a wand of iceblast (7)
Scrolls
 c - a scroll of brand weapon {unknown}
 i - 4 scrolls of identify {unknown}
 j - 2 scrolls of enchant weapon {unknown}
 k - a scroll of blinking {unknown}
 l - 2 scrolls of silence {unknown}
 p - 5 scrolls of teleportation {unknown}
 q - 2 scrolls of immolation {unknown}
 B - a scroll of noise {unknown}
 G - a scroll of amnesia {unknown}
Potions
 d - 2 potions of invisibility {unknown}
 h - 2 potions of lignification {unknown}
 m - 2 potions of curing {unknown}
 n - 2 potions of mutation {unknown}
 r - 3 potions of heal wounds {unknown}
 w - a potion of ambrosia {unknown}
 x - a potion of attraction {unknown}
 z - a potion of haste {unknown}
 D - a potion of magic {unknown}
 F - a potion of brilliance {unknown}


   Skills:
 + Level 4.3 Fighting
 + Level 2.9 Long Blades
 + Level 2.8 Throwing
 * Level 5.6 Dodging
 + Level 0.6 Stealth
 * Level 8.6 Unarmed Combat
 + Level 0.4 Evocations


You had 8 spell levels left.
You didn't know any spells.
Your spell library contained the following spells:

 Spells                   Type           Power      Damage    Failure   Level
 Shock                    Conj/Air       0%         1d3       52%         1
 Summon Small Mammal      Summ           0%         N/A       52%         1
 Call Imp                 Summ           0%         N/A       67%         2
 Static Discharge         Conj/Air       0%         N/A       67%         2
 Call Canine Familiar     Summ           0%         N/A       88%         3
 Summon Guardian Golem    Hex/Summ       0%         N/A       88%         3
 Swiftness                Air            0%         N/A       88%         3
 Airstrike                Air            0%         N/A       99%         4
 Summon Ice Beast         Ice/Summ       0%         N/A       99%         4
 Summon Lightning Spire   Summ/Air       0%         N/A       99%         4
 Lightning Bolt           Conj/Air       0%         1d11      100%        5


Dungeon Overview and Level Annotations

Branches:
Dungeon (8/15)             Temple (1/1) D:5
   Lair: D:8-11

Altars:
Ashenzari
Cheibriados
Dithmenos
Elyvilon
Fedhas
Gozag
Hepliaklqana
Kikubaaqudgha
Nemelex Xobeh
Okawaru
Qazlal
Ru
Trog
Wu Jian
Zin
The Shining One

Portals:
Bailey: D:8


Innate Abilities, Weirdness & Mutations

You are too large for most types of armour.
You have claws for hands.
Your natural rate of healing is unusually fast.
You are covered in fur. (AC +1)
You have tough skin. (AC +1)


Message History

The centaur wields a +0 shortbow.
The centaur shoots an arrow.
The arrow hits you! The bullfrog barely misses you.
The centaur shoots an arrow.
The arrow hits you!
The centaur shoots an arrow.
The arrow misses you. The bullfrog closely misses you.
The centaur shoots an arrow.
The arrow hits you!
The centaur shoots an arrow.
The arrow hits you! The bullfrog hits you.
* * * LOW HITPOINT WARNING * * *
The centaur shoots an arrow.
The arrow closely misses you.
The centaur shoots an arrow.
The arrow closely misses you.
The centaur shoots an arrow.
The arrow hits you!
* * * LOW HITPOINT WARNING * * *
The bullfrog misses you.
The centaur unwields a +0 shortbow.
The centaur barely misses you. The centaur closely misses you.
The bullfrog hits you.
* * * LOW HITPOINT WARNING * * *
The centaur closely misses you.
The centaur kicks you but does no damage.
The bullfrog hits you.
* * * LOW HITPOINT WARNING * * *
The centaur hits you.
* * * LOW HITPOINT WARNING * * *
The centaur kicks you.
* * * LOW HITPOINT WARNING * * *
Found a ruby potion.
Unknown command.
Unknown command.
The bullfrog hits you but does no damage.
The centaur wields a +0 shortbow.
The centaur shoots an arrow.
The arrow barely misses you.
The bullfrog hits you but does no damage.
The centaur shoots an arrow.
The arrow hits you!
* * * LOW HITPOINT WARNING * * *
The bullfrog snags a nearby millipede with its tongue.
A centaur zombie comes into view.
The bullfrog barely misses you.
The centaur zombie moves out of view.
The bullfrog hits you.
* * * LOW HITPOINT WARNING * * *
The centaur shoots an arrow.
The arrow hits you.
You die...

.≈≈≈≈≈..# .
...###...≈.>.≈..# ###.
........≈.∩.≈..###.<.
Z......≈...≈......##
♣♣#.##...≈≈≈≈≈..#####
.................####
♣.###............>......
♣..........g...#.......>
#####@####.....g......
#.....Fg.gg####.......
#...!.c....# #.......
#..........# #......$
#..........# ########
#..........#
############


You could see a bullfrog, a centaur, a centaur zombie and 4 goblins.

Vanquished Creatures
  The ghost of Narqulie the Covered, an amateur MiFi (D:4)
  Prince Ribbit (D:6)
  Menkaure (D:5)
  5 sky beasts
  2 ice beasts
  2 black bears
  An orc warrior (D:6)
  An ogre (D:4)
  A centaur (D:4)
  A bullfrog (D:6)
  A scorpion (D:6)
  3 wyvern skeletons (D:6)
  A gnoll shaman (D:6)
  2 hounds
  3 iguanas
  A hound skeleton (D:4)
  2 howler monkey zombies
  8 gnolls
  9 adders
  An ufetubus (D:5)
  An adder skeleton (D:4)
  A worm (D:2)
  2 dart slugs
  7 orcs
  8 endoplasms
  4 giant cockroaches
  5 goblins
  9 hobgoblins
  7 jackals
  2 quokkas
  3 ball pythons
  6 bats
  A frilled lizard (D:3)
  4 kobolds
  4 rats
  6 bushes (Temple)
117 creatures vanquished.

Vanquished Creatures (others)
  4 plants (Temple)
4 creatures vanquished.

Grand Total: 121 creatures vanquished

Notes
Turn   | Place    | Note
-------+----------+-------------------------------------------
     0 | D:1      | Feya the Troll Berserker began the quest for the Orb.
     0 | D:1      | Reached XP level 1. HP: 22/22 MP: 0/0
   346 | D:1      | Reached XP level 2. HP: 29/29 MP: 1/1
   648 | D:2      | Found a faded altar of an unknown god.
   894 | D:2      | Reached XP level 3. HP: 22/36 MP: 2/2
  1106 | D:2      | Reached ** piety under Trog
  1230 | D:4      | Found a runed translucent door.
  1376 | D:3      | Found a bloodstained altar of Trog.
  1380 | D:3      | Reached skill level 1 in Throwing
  1407 | D:3      | Found a white marble altar of Elyvilon.
  1418 | D:3      | Reached skill level 1 in Unarmed Combat
  1418 | D:3      | Reached XP level 4. HP: 38/44 MP: 3/3
  1560 | D:4      | Noticed Narqulie's ghost (amateur MiFi)
  1682 | D:4      | Reached skill level 2 in Unarmed Combat
  1759 | D:4      | Reached XP level 5. HP: 50/52 MP: 4/4
  1832 | D:4      | Noticed a centaur
  1840 | D:4      | Noticed an ogre
  1863 | D:4      | Killed a centaur
  1864 | D:4      | Reached skill level 3 in Unarmed Combat
  1866 | D:4      | Killed an ogre
  1867 | D:4      | Reached XP level 6. HP: 21/61 MP: 5/5
  1931 | D:4      | Found a blossoming altar of Fedhas.
  1994 | D:4      | Found an iron altar of Okawaru.
  1994 | D:4      | Found an opulent altar of Gozag.
  2001 | D:4      | Found a stormy altar of Qazlal.
  2005 | D:4      | Found a faded altar of an unknown god.
  2007 | D:4      | Found a faded altar of an unknown god.
  2076 | D:4      | Found a runed translucent door.
  2084 | D:4      | Reached *** piety under Trog
  2179 | D:4      | Killed Narqulie's ghost
  2180 | D:4      | Reached skill level 4 in Unarmed Combat
  2180 | D:4      | Reached XP level 7. HP: 24/67 MP: 6/6
  2207 | D:5      | Entered Level 5 of the Dungeon
  2327 | D:5      | Reached skill level 5 in Unarmed Combat
  2827 | D:5      | Reached skill level 6 in Unarmed Combat
  2827 | D:5      | Reached XP level 8. HP: 35/75 MP: 7/7
  2910 | D:5      | Found a shadowy altar of Dithmenos.
  2911 | D:5      | Noticed Menkaure
  2915 | D:5      | Killed Menkaure
  2988 | D:5      | Found a staircase to the Ecumenical Temple.
  3001 | Temple   | Entered the Ecumenical Temple
  3515 | D:6      | Reached skill level 5 in Dodging
  3563 | D:6      | Reached skill level 7 in Unarmed Combat
  3625 | D:6      | Noticed Prince Ribbit
  3648 | D:6      | Killed Prince Ribbit
  3833 | D:6      | Reached skill level 8 in Unarmed Combat
  3847 | D:6      | Reached XP level 9. HP: 65/84 MP: 8/8
  4223 | D:8      | Found a flagged portal.
  4265 | D:8      | HP: 2/85 [centaur/arrow (12)]
  4267 | D:8      | Shot with an arrow by a centaur

Illustrated notes

Levels and vault maps discovered:
D:1:      giann_forest_graveyard, layout_rooms
D:2:      layout_loops_cross, ebering_ecumenical_altar_webs,
          minmay_misc_feat_rows
D:3:      layout_basic, nicolae_overflow_crystal_walls, lemuel_tele_altar
D:4:      layout_cave_pools, old_standard_altar,
          chequers_temple_overflow_minitemple, ebering_ghost_sewer_f,
          minmay_stone_trees_small
D:5:      layout_rooms, nicolae_dithmenos_the_darkroom, temple_fountains,
          uniq_menkaure
D:6:      layout_basic, uniq_prince_ribbit1
D:7:      cheibrodos_shockbox, layout_cave_pods, kennysheep_mini_moat
D:8:      layout_rooms, nicolae_yredelemnul_corpse_copse, enter_bailey_5,
          minmay_lizard_king
Temple:   jpeg_temple_island

Skill      XL: |  1  2  3  4  5  6  7  8 |
---------------+-------------------------+-----
Throwing       | 1 2 |  2.8
Dodging        | 3 4 5 |  5.6
Unarmed Combat | 1 2 3 4 6 8 |  8.6
Fighting       | 3 4 |  4.3
Long Blades    | |  2.9
Stealth        | |  0.6
Evocations     | |  0.4

Action                   |  1- 3 |  4- 6 |  7- 9 || total
-------------------------+-------+-------+-------++-------
Melee: Falchion          |    15 |       |       ||    15
       Unarmed           |    84 |   158 |   307 ||   549
       Punch             |       |     2 |    26 ||    28
Throw: Stone             |    38 |       |     4 ||    42
Evoke: Wand              |       |       |     4 ||     4
 Stab: Sleeping          |       |     1 |       ||     1
Armor: Animal skin       |    23 |    61 |    46 ||   130
Dodge: Dodged            |    43 |   112 |   118 ||   273
       Rpst.: Falchion   |     3 |       |       ||     3

Table legend: (Time is in decaauts)
 A = Elapsed time spent in this place.
 B = Non-inter-level travel time spent in this place.
 C = Inter-level travel time spent in this place.
 D = Time resting spent in this place.
 E = Time spent auto-exploring this place.
 F = Levels seen in this place.
 G = Mean time per level.
                   A        B        C        D        E       F      G
               +--------+--------+--------+--------+--------+-----+--------+
         Total |   4253 |   4253 |      0 |    271 |     18 |   9 |  472.6 |
       Dungeon |   3896 |   3896 |      0 |    171 |     18 |   8 |  487.0 |
        Temple |    356 |    356 |      0 |    100 |      0 |   1 |  356.0 |
               +--------+--------+--------+--------+--------+-----+--------+

Top non-repeatable levels by time:
     D:6: 736 daAuts
     D:4: 715 daAuts
     D:2: 695 daAuts
     D:1: 669 daAuts
     D:5: 541 daAuts
     D:3: 477 daAuts
  Temple: 356 daAuts
     D:8: 45 daAuts
     D:7: 14 daAuts
